 Dungeon Crawl Stone Soup version 0.31-a0-435-g2c6fae2916 (webtiles) character file.

Game seed: 5428976663448176743

21848 Maxmaps the Spear-Bearer (level 12, -2/82 HPs)
             Began as an Octopode Shapeshifter on Aug 1, 2023.
             Was an Initiate of Gozag.
             Slain by a six-headed hydra (9 damage)
             ... on level 13 of the Dungeon.
             The game lasted 00:14:10 (12831 turns).

Maxmaps the Spear-Bearer (Octopode Shapeshifter)   Turns: 12831, Time: 00:14:10

Health: -2/82      AC:  1    Str: 19    XL:     12   Next: 94%
Magic:  0/12       EV: 16    Int: 14    God:    Gozag
Gold:   677        SH:  5    Dex: 14    Spells: 11/11 levels left

rFire   + . .        j - +12 trident of Veuf Hoe {freeze, Will+ Dex+2}
rCold   . . .        f - +1 buckler
rNeg    + . .        (helmet currently unavailable)
rPois   +            t - amulet of guardian spirit
rElec   .            A - ring of positive energy
rCorr   +            r - ring of Nobility {rPois rF+ rCorr Stlth-}
SInv    .            w - ring "Utuucw" {Fly rCorr Str+3 Stlth+}
Will    +....        (no ring)
Stlth   ++++         (no ring)
HPRegen 0.33/turn    (no ring)
MPRegen 0.13/turn    (no ring)
                     (no ring)

%: guardian spirit
@: beast-form, gold aura, flying
A: beast (slay +6), almost no armour, amphibious, 8 rings, camouflage 1,
gelatinous body 1, (nimble swimmer 1), tentacles
a: Begin Untransformation, Renounce Religion, Potion Petition, Call Merchant,
Bribe Branch


You were on level 13 of the Dungeon.
You worshipped Gozag.
Gozag was pleased with you.
You were a hulking beast.
You visited 1 branch of the dungeon, and saw 13 of its levels.

You collected 2524 gold pieces.
You spent 1140 gold pieces at shops.
You paid 707 gold pieces to Gozag.

Inventory:

Hand Weapons
 j - the +12 trident of Veuf Hoe (weapon) {freeze, Will+ Dex+2}
   (You found it on level 2 of the Dungeon)

   Dex:       It affects your dexterity (+2).
   Will:      It increases your willpower.
Armour
 f - a +1 buckler (worn)
Jewellery
 i - a ring of flight
 r - the ring of Nobility (right tentacle) {rPois rF+ rCorr Stlth-}
   (You bought it in a shop on level 11 of the Dungeon)

   [ring of resist corrosion]

   rF:        It protects you from fire.
   rPois:     It protects you from poison.
   rCorr:     It protects you from acid and corrosion.
   Stlth:     It makes you less stealthy.
 t - an amulet of guardian spirit (around mantle)
 w - the ring "Utuucw" (on tentacle) {Fly rCorr Str+3 Stlth+}
   (You bought it in a shop on level 11 of the Dungeon)

   [ring of flight]

   Str:       It affects your strength (+3).
   Fly:       It grants you flight.
   rCorr:     It protects you from acid and corrosion.
   Stlth:     It makes you more stealthy.
 A - a ring of positive energy (left tentacle)
 G - a +5 ring of evasion
Talismans
 b - a beast talisman (active)
 l - a serpent talisman
Wands
 m - a wand of mindburst (10)
 q - a wand of roots (11)
 x - a wand of paralysis (8)
 y - a wand of acid (6)
 C - a wand of flame (24)
Scrolls
 c - 2 scrolls of enchant armour
 n - a scroll of summoning
 o - a scroll of enchant weapon
 p - 4 scrolls of noise
 s - a scroll of immolation {unknown}
 u - a scroll of fog
 v - a scroll of teleportation
 B - a scroll of vulnerability {unknown}
 H - a scroll of torment {unknown}
 I - a scroll of fear {unknown}
Potions
 a - 3 potions of lignification
 d - 3 potions of brilliance
 e - a potion of magic
 g - a potion of cancellation {unknown}
 h - 3 potions of curing
 k - a potion of mutation {unknown}
 z - a potion of invisibility {unknown}
 D - a potion of enlightenment {unknown}
 E - a potion of haste {unknown}
 F - a potion of might {unknown}


   Skills:
 - Level 8.0 Fighting
 - Level 14.1 Polearms
 - Level 8.0 Dodging
 - Level 4.0 Stealth
 - Level 3.0 Unarmed Combat
 + Level 9.8 Shapeshifting


You had 11 spell levels left.
You didn't know any spells.
Your spell library contained the following spells:

 Spells                   Type           Power      Damage    Failure   Level
 Apportation              Tloc           0%         N/A       36%         1
 Freeze                   Ice            0%         1d3       36%         1
 Necrotise                Necr           0%         1d4       36%         1
 Sandblast                Erth           0%         2d4       36%         1
 Summon Small Mammal      Summ           0%         N/A       36%         1
 Cigotuvi's Dreadful Rot  Necr/Pois/Air  0%         N/A       50%         2
 Ensorcelled Hibernation  Hex/Ice        0%         N/A       50%         2
 Poisonous Vapours        Pois/Air       0%         N/A       50%         2
 Call Canine Familiar     Summ           0%         N/A       73%         3
 Frozen Ramparts          Ice            0%         1d1       73%         3
 Gell's Gravitas          Tloc           0%         N/A       73%         3
 Hailstorm                Conj/Ice       0%         3d3       73%         3
 Ignite Poison            Fire/Tmut/Pois 0%         N/A       73%         3
 Mephitic Cloud           Conj/Pois/Air  0%         N/A       73%         3
 Stone Arrow              Conj/Erth      0%         3d7       73%         3
 Summon Guardian Golem    Hex/Summ       0%         N/A       73%         3
 Teleport Other           Tloc           0%         N/A       73%         3
 Tukima's Dance           Hex            0%         N/A       73%         3
 Anguish                  Hex/Necr       0%         N/A       98%         4
 Passage of Golubria      Tloc           0%         N/A       98%         4
 Summon Ice Beast         Ice/Summ       0%         N/A       98%         4
 Freezing Cloud           Conj/Ice/Air   0%         6-21      100%        5
 Yara's Violent Unravell  Hex/Tmut       0%         3d3       100%        5
 Dispersal                Tloc           0%         N/A       100%        6
 Lehudib's Crystal Spear  Conj/Erth      0%         10d2      100%        8
 Simulacrum               Ice/Necr       Unusable   N/A       N/A         6

Dungeon Overview and Level Annotations

Branches:
Dungeon (13/15)            Temple (0/1) D:7            Lair (0/5) D:8
    Orc (0/2) D:9
 Vaults: D:13-14

Altars:
Ashenzari
Dithmenos
Gozag
Okawaru
Qazlal
Trog
Uskayaw
Vehumet
Xom
Yredelemnul
The Shining One

Shops:
D:11 =

Annotations:
D:4 2 runed translucent doors, bahustanut's ghost, amateur OpSh


Innate Abilities, Weirdness & Mutations

You are a hulking beast.
Your limbs bulge with bestial killing power. (Slay +6)
You cannot wear most types of armour.
You are amphibious.
You can wear up to eight rings at the same time.
Your skin changes colour to match your surroundings (Stealth+).
Your rubbery body absorbs attacks. (AC +1, EV +1)
((You are camouflaged when in or above water. (Stealth+)))
You have tentacles for arms and can constrict up to eight enemies at once.


Message History

You reach to attack!
You puncture the cyclops! You freeze the cyclops.
The cyclops is moderately wounded.
The cyclops throws a large rock.
The large rock barely misses you.
You reach to attack!
You impale the cyclops!! You freeze the cyclops!
The cyclops is almost dead.
You impale the six-headed hydra!!
The six-headed hydra seems to slow down.
You freeze the six-headed hydra.
The six-headed hydra is moderately wounded.
You barely miss the six-headed hydra.
The six-headed hydra is moderately wounded.
The six-headed hydra is no longer moving slowly.
The six-headed hydra completely misses you.
The six-headed hydra bites you. The six-headed hydra bites you! x2
The six-headed hydra bites you. The six-headed hydra barely misses you.
You hit the six-headed hydra. You freeze the six-headed hydra.
You tentacle-slap the six-headed hydra!
The six-headed hydra is heavily wounded.
You puncture the six-headed hydra! You freeze the six-headed hydra.
Your squeeze misses the six-headed hydra.
The six-headed hydra is severely wounded.
The six-headed hydra closely misses you.
The six-headed hydra bites you.
You block the six-headed hydra's attack.
The six-headed hydra misses you. The six-headed hydra bites you! x2
You are too injured to fight recklessly!
You are too injured to fight recklessly!
You are too injured to fight recklessly!
You impale the cyclops!! You freeze the cyclops.
You kill the cyclops!
The six-headed hydra closely misses you.
The six-headed hydra bites you but does no damage.
You block the six-headed hydra's attack.
The six-headed hydra bites you!
* * * LOW HITPOINT WARNING * * *
The six-headed hydra bites you!
* * * LOW HITPOINT WARNING * * *
The six-headed hydra bites you!
You die...
Your body crumbles into a pile of gold.

#...####
#.#.# #.#.#
#...# #...#
#.#.# ..
#...#+##....
#...........
#.#.h##..#..
#...$D......
#...........
#.##..#.....
#. .........
## #########


You could see a six-headed hydra.

Vanquished Creatures
  Azrael (D:12)
  Snorg (D:12)
  Erolcha (D:12)
  A boulder beetle (D:12)
  A two-headed ogre (D:11)
  3 skeletal warriors (D:12)
  3 cyclopes
  2 manticores (D:12)
  A gargoyle (D:12)
  Maggie (D:7)
  3 unseen horror zombies
  2 kobold demonologists (D:11)
  A komodo dragon (D:8)
  Prince Ribbit (D:5)
  A hornet (D:7)
  Sigmund (D:4)
  2 shadows
  A wraith (D:9)
  5 basilisks
  16 yaks
  4 fire bats (D:11)
  2 wyverns
  4 fire elementals
  Grum (D:8)
  3 vampire mosquitoes (D:11)
  A warg (D:9)
  Duvessa (D:7)
  An acid dragon (D:12)
  4 hell hounds (D:11)
  A swamp drake (D:8)
  8 orc warriors
  2 sky beasts
  2 ice beasts
  3 ogres
  2 wolves (D:8)
  10 centaurs
  2 phantoms
  4 kobold brigands
  A wyvern zombie (D:9)
  2 gnoll sergeants
  4 scorpions
  Dowan (D:7)
  15 wights
  24 killer bees
  A howler monkey (D:4)
  2 lava snakes (D:11)
  4 centaur zombies
  A hound (D:5)
  5 jellies
  A gnoll bouda (D:9)
  6 orc priests
  2 sleepcaps
  Jessica (D:2)
  2 iguanas (D:5)
  17 orc wizards
  A killer bee zombie (D:9)
  2 howler monkey zombies (D:9)
  13 gnolls
  11 adders
  A shadow imp (D:7)
  2 white imps
  An ufetubus (D:5)
  3 dart slugs
  40 orcs
  4 endoplasms
  2 giant cockroaches
  3 goblins
  5 hobgoblins
  7 jackals
  2 quokkas
  8 ball pythons
  3 bats
  3 frilled lizards
  10 kobolds
  4 rats
317 creatures vanquished.

Notes
Turn   | Place    | Note
-------+----------+-------------------------------------------
     0 | D:1      | Maxmaps the Octopode Shapeshifter began the quest for the
                  | Orb.
     0 | D:1      | Reached XP level 1. HP: 13/13 MP: 1/1
    70 | D:1      | Reached XP level 2. HP: 20/20 MP: 2/2
    95 | D:1      | Found a faded altar of an unknown god.
   235 | D:1      | Reached XP level 3. HP: 25/25 MP: 3/3
   491 | D:1      | Reached skill level 1 in Stealth
  1015 | D:2      | Reached XP level 4. HP: 31/31 MP: 4/4
  1042 | D:2      | Identified the +12 trident of Veuf Hoe {freeze, Will+
                  | Dex+2}
  1069 | D:2      | Noticed Jessica
  1076 | D:2      | Killed Jessica
  1363 | D:3      | Reached skill level 1 in Polearms
  1366 | D:3      | Reached skill level 2 in Polearms
  1366 | D:3      | Reached XP level 5. HP: 24/36 MP: 5/5
  1649 | D:3      | Found a shadowy altar of Dithmenos.
  1865 | D:3      | Identified the +7 scale mail of New Discoveries {Drain Fly
                  | rN++}
  1988 | D:4      | Found a large runed translucent door.
  1989 | D:4      | Found a large runed translucent door.
  1993 | D:4      | Noticed bahustanut's ghost (amateur OpSh)
  2158 | D:4      | Reached skill level 3 in Polearms
  2165 | D:4      | Noticed Sigmund
  2169 | D:4      | Killed Sigmund
  2170 | D:4      | Reached skill level 4 in Polearms
  2170 | D:4      | Reached XP level 6. HP: 29/42 MP: 6/6
  2237 | D:4      | Found a bloodstained altar of Trog.
  2346 | D:4      | Reached skill level 5 in Polearms
  2456 | D:4      | Reached XP level 7. HP: 22/46 MP: 7/7
  2770 | D:4      | Reached skill level 6 in Polearms
  2913 | D:5      | Entered Level 5 of the Dungeon
  2967 | D:5      | Reached skill level 7 in Polearms
  3045 | D:5      | Noticed Prince Ribbit
  3048 | D:5      | Killed Prince Ribbit
  3049 | D:5      | Reached skill level 8 in Polearms
  3049 | D:5      | Reached XP level 8. HP: 52/52 MP: 8/8
  3168 | D:5      | Found a shimmering altar of Xom.
  3501 | D:5      | Reached skill level 9 in Polearms
  3920 | D:6      | Reached skill level 10 in Polearms
  3970 | D:6      | Reached XP level 9. HP: 53/56 MP: 9/9
  4295 | D:6      | Reached skill level 11 in Polearms
  4941 | D:7      | Found an opulent altar of Gozag.
  4971 | D:7      | Noticed Maggie
  4982 | D:7      | Became a worshipper of Gozag Ym Sagoz the Greedy
  5071 | D:7      | Killed Maggie
  5072 | D:7      | Reached skill level 12 in Polearms
  5072 | D:7      | Noticed a hornet
  5403 | D:7      | Noticed Duvessa
  5407 | D:7      | Noticed Dowan
  5425 | D:7      | Reached skill level 13 in Polearms
  5425 | D:7      | Reached XP level 10. HP: 63/63 MP: 10/10
  5438 | D:7      | Killed Duvessa
  5462 | D:7      | Killed Dowan
  5864 | D:7      | Found a radiant altar of Vehumet.
  5911 | D:7      | Found a staircase to the Ecumenical Temple.
  6008 | D:7      | Reached skill level 14 in Polearms
  6339 | D:8      | Found a stormy altar of Qazlal.
  6427 | D:8      | Found a glowing golden altar of the Shining One.
  6452 | D:8      | Noticed Grum
  6464 | D:8      | Killed Grum
  6657 | D:8      | Reached skill level 5 in Fighting
  6806 | D:8      | Reached XP level 11. HP: 75/75 MP: 11/11
  6989 | D:8      | Found a staircase to the Lair.
  7191 | D:8      | Found an iron altar of Okawaru.
  7191 | D:8      | Found a broken altar of Ashenzari.
  7567 | D:9      | Found a hide-covered altar of Uskayaw.
  7711 | D:9      | Noticed a cyclops
  7718 | D:9      | Killed a cyclops
  7836 | D:9      | Reached skill level 5 in Dodging
  8079 | D:9      | Found a staircase to the Orcish Mines.
  8682 | D:10     | Entered Level 10 of the Dungeon
  9437 | D:10     | Found a basalt altar of Yredelemnul.
  9480 | D:11     | Noticed a cyclops
  9494 | D:11     | Killed a cyclops
  9857 | D:11     | Reached XP level 12. HP: 48/82 MP: 12/12
  9860 | D:11     | Reached skill level 5 in Shapeshifting
 10181 | D:11     | Got the Compilation of the Slug
 10255 | D:11     | Noticed a two-headed ogre
 10262 | D:11     | Killed a two-headed ogre
 10758 | D:12     | Noticed Azrael
 10777 | D:11     | Bought the ring of Nobility {rPois rF+ rCorr Stlth-} for
                  | 552 gold pieces
 10777 | D:11     | Bought the ring "Utuucw" {Fly rCorr Str+3 Stlth+} for 588
                  | gold pieces
 10876 | D:12     | Killed Azrael
 11708 | D:12     | Noticed a boulder beetle
 11721 | D:12     | Killed a boulder beetle
 12087 | D:12     | Noticed Erolcha
 12096 | D:12     | Killed Erolcha
 12697 | D:12     | Noticed Snorg
 12704 | D:12     | Killed Snorg
 12823 | D:13     | Noticed a six-headed hydra
 12831 | D:13     | Slain by a six-headed hydra

Illustrated notes

Levels and vault maps discovered:
D:1:      giann_horns, layout_rooms, shapermc_ecumenical_altar_ellora,
          grunt_decor_junction
D:2:      layout_loops_ring, uniq_jessica
D:3:      layout_loops_cross, mainiacjoe_overflow_small_starburst,
          minmay_fountain_box
D:4:      layout_basic, kennysheep_mini, ebering_ghost_disaster_area,
          minmay_misc_feat_chi, minmay_a_box_with_orc_wizards_in_it,
          uniq_sigmund
D:5:      layout_basic, nicolae_overflow_crystal_walls, chequers_arboretum,
          st_stairs_13, kennysheep_small_spiral, uniq_prince_ribbit1
D:6:      layout_basic
D:7:      layout_rooms, nicolae_gozag_seed_capital,
          mainiacjoe_overflow_alcove_4, minmay_temple_entry_glass,
          nrook_mini_vaults, uniq_duvessa, uniq_maggie
D:8:      layout_gridville, nicolae_qazlal_general_emergency,
          amcnicky_altar_gilded, gammafunk_temple_overflow_wave,
          erik_lair_dragon, st_stairs_9, uniq_grum
D:9:      layout_roguey, lemuel_tele_altar, erik_orc_3, serial_undead,
          serial_undead_b, serial_undead_d, serial_undead_d, serial_undead_c,
          serial_undead_d, serial_undead_b, serial_undead_e, serial_undead_f,
          serial_undead_a, serial_undead_d
D:10:     layout_rooms, lemuel_zombie_altar_yredelemnul
D:11:     layout_long_grid, hangedman_incinerator
D:12:     layout_basic, uniq_snorg, uniq_azrael, uniq_erolcha
D:13:     lemuel_ice_statue, layout_stronghold, serial_shops,
          nicolae_shop_real_fake_doors

Skill      XL: |  1  2  3  4  5  6  7  8  9 10 11 12 |
---------------+-------------------------------------+-----
Fighting       | 2 3 7 8 |  8.0
Stealth        | 3 4 |  4.0
Polearms       | 2 4 5 8 10 13 14 | 14.1
Dodging        | 8 |  8.0
Shapeshifting  | 4 9 |  9.8
Unarmed Combat | |  3.0

Action                     |  1- 3 |  4- 6 |  7- 9 | 10-12 || total
---------------------------+-------+-------+-------+-------++-------
  Melee: Unarmed           |    53 |     6 |       |       ||    59
         Constrict         |    16 |    10 |    14 |    51 ||    91
         Tentacles         |    11 |     4 |    13 |    77 ||   105
         Punch             |     2 |     3 |     4 |    14 ||    23
         Trident           |       |    52 |   156 |   504 ||   712
 Invoke: Call Merchant     |       |       |       |     1 ||     1
    Use: Scroll            |       |     3 |     4 |     8 ||    15
         Potion            |       |       |     4 |     3 ||     7
   Stab: Sleeping          |     7 |    14 |    12 |    20 ||    53
         Distracted        |       |       |       |     4 ||     4
 Armour: Skin              |     8 |     1 |    13 |    22 ||    44
  Dodge: Dodged            |    27 |    11 |    54 |   156 ||   248
  Block: Buckler           |     1 |     8 |    17 |    57 ||    83

Table legend: (Time is in decaauts)
 A = Elapsed time spent in this place.
 B = Non-inter-level travel time spent in this place.
 C = Inter-level travel time spent in this place.
 D = Time resting spent in this place.
 E = Time spent auto-exploring this place.
 F = Levels seen in this place.
 G = Mean time per level.
                   A        B        C        D        E       F      G
               +--------+--------+--------+--------+--------+-----+--------+
         Total |  12634 |  12321 |    313 |   2285 |   8331 |  13 |  971.8 |
       Dungeon |  12634 |  12321 |    313 |   2285 |   8331 |  13 |  971.8 |
               +--------+--------+--------+--------+--------+-----+--------+

Top non-repeatable levels by time:
    D:12: 1665 daAuts
    D:11: 1443 daAuts
     D:8: 1397 daAuts
     D:6: 1197 daAuts
     D:9: 1182 daAuts
     D:4: 985 daAuts
     D:7: 984 daAuts
    D:10: 890 daAuts
     D:5: 881 daAuts
     D:1: 751 daAuts
     D:3: 624 daAuts
     D:2: 558 daAuts
    D:13: 71 daAuts
